 Dungeon Crawl Stone Soup version 0.30.0-2-g1aa4bd4387 (webtiles) character file.

Game seed: 14569348904894356970

21 Byczy the Digger (level 2, 0/15 HPs)
             Began as a Gargoyle Earth Elementalist on May 7, 2023.
             Slain by Terence
             ... wielding a +0 short sword
              (3 damage)
             ... on level 2 of the Dungeon.
             The game lasted 00:08:15 (1068 turns).

Byczy the Digger (Gargoyle Earth Elementalist)      Turns: 1068, Time: 00:08:23

Health: 0/15       AC:  4    Str: 11    XL:     2   Next: 83%
Magic:  0/5        EV: 12    Int: 15    God:
Gold:   68         SH:  0    Dex: 10    Spells: 4/5 levels left

rFire   . . .        (no weapon)
rCold   . . .        (no shield)
rNeg    + . .        a - +0 robe
rPois   ∞            (no helmet)
rElec   +            (no cloak)
rCorr   .            (no gloves)
SInv    .            (no boots)
Will    .....        (no amulet)
Stlth   ++           (no ring)
HPRegen 0.22/turn    (no ring)
MPRegen 0.09/turn

%: no passive effects
@: no status effects
A: sickness immunity, AC +2, negative energy resistance 1, electricity
resistance, torment resistance 1, petrification resistance
a: no special abilities


You were on level 2 of the Dungeon.
You visited 1 branch of the dungeon, and saw 2 of its levels.

You collected 68 gold pieces.

Inventory:

Hand Weapons
 g - a +0 sling
Missiles
 h - 4 poisoned darts
Armour
 a - a +0 robe (worn)
Scrolls
 e - a scroll of silence {unknown}
 i - a scroll of fear {unknown}
 j - a scroll of teleportation {unknown}
Potions
 b - 2 potions of magic
 c - a potion of curing {unknown}
 d - a potion of heal wounds {unknown}
 f - a potion of cancellation {unknown}
 k - a potion of degeneration {unknown}


   Skills:
 + Level 0.2 Fighting
 + Level 1.8 Dodging
 + Level 2.4 Stealth
 + Level 2.3 Spellcasting
 + Level 0.7 Transmutations
 + Level 4.1 Earth Magic


You had 4 spell levels left.
You knew the following spells:

 Your Spells              Type           Power      Damage    Failure   Level
a - Sandblast             Erth           28%        2d8       4%          1

Your spell library contained the following spells:

 Spells                   Type           Power      Damage    Failure   Level
 Passwall                 Tmut/Erth      7%         N/A       12%         2
 Stone Arrow              Conj/Erth      14%        3d7       28%         3
 Hailstorm                Conj/Ice       1%         3d3       54%         3
 Petrify                  Tmut/Erth      9%         N/A       61%         4
 Ice Form                 Ice/Tmut       2%         N/A       88%         4
 Simulacrum               Ice/Necr       0%         N/A       100%        6


Dungeon Overview and Level Annotations

Branches:
Dungeon (2/15)

Altars:

Annotations:
D:2 Terence


Innate Abilities, Weirdness & Mutations

You are immune to sickness and miasma.
Your stone body is resilient. (AC +2)
You are immune to poison.
You resist negative energy. (rN+)
You are resistant to electric shocks. (rElec)
You are resistant to unholy torment.
You are immune to petrification.


Message History

Press: ? - help, Shift-Dir - straight line, f/p - Terence
Aim: Terence, wielding a +0 short sword and wearing a +0 ring mail (84% to hit)
The blast of sand hits Terence but does no damage.
Casting: Sandblast (safe; 4% risk of failure)
Confirm with . or Enter, or press ? or * to list all spells.
Aiming: Sandblast (safe; 4% risk of failure)
Press: ? - help, Shift-Dir - straight line, f/p - Terence
Aim: Terence, wielding a +0 short sword and wearing a +0 ring mail (84% to hit)
The blast of sand hits Terence.
Terence is moderately wounded.
A rat comes into view.
Terence hits you with a +0 short sword. Terence attacks as you move away!
Terence hits you with a +0 short sword.
Your magical contamination has completely faded away.
There is a stone staircase leading down here.
Terence hits you with a +0 short sword.
* * * LOW HITPOINT WARNING * * *
Casting: Sandblast (safe; 4% risk of failure)
Confirm with . or Enter, or press ? or * to list all spells.
Aiming: Sandblast (safe; 4% risk of failure)
Press: ? - help, Shift-Dir - straight line, f/p - Terence
Aim: Terence, wielding a +0 short sword and wearing a +0 ring mail (moderately wounded, 84% to hit)
The blast of sand hits Terence!
Terence is heavily wounded.
Terence closely misses you. Terence barely misses you.
Casting: Sandblast (safe; 4% risk of failure)
Confirm with . or Enter, or press ? or * to list all spells.
Aiming: Sandblast (safe; 4% risk of failure)
Press: ? - help, Shift-Dir - straight line, f/p - Terence
Aim: Terence, wielding a +0 short sword and wearing a +0 ring mail (heavily wounded, 84% to hit)
The blast of sand misses Terence.
Terence misses you.
Casting: Sandblast (safe; 4% risk of failure)
Confirm with . or Enter, or press ? or * to list all spells.
Aiming: Sandblast (safe; 4% risk of failure)
Press: ? - help, Shift-Dir - straight line, f/p - Terence
Aim: Terence, wielding a +0 short sword and wearing a +0 ring mail (heavily wounded, 84% to hit)
The blast of sand hits Terence.
Terence is severely wounded.
Terence barely misses you. Terence hits you with a +0 short sword.
You die...

...#.######.##### ...<.###
#...# .......# #...#
.....#.# #..)#######
.#.###.# #.........# .....
.###....####.#
.#..#..............####..#
..........................
.. ...........r@@..####.
.. ...###....####.#
###...........#
#.......##### #.......#
###...### #r.. .....
......


You could see Terence and a rat.

Vanquished Creatures
  3 ball pythons (D:1)
  A bat (D:1)
  An endoplasm (D:1)
  A giant cockroach (D:1)
  3 jackals (D:1)
  A quokka (D:1)
  5 frilled lizards
  2 goblins
  A kobold (D:1)
  2 rats (D:1)
20 creatures vanquished.

Notes
Turn   | Place    | Note
-------+----------+-------------------------------------------
     0 | D:1      | Byczy the Gargoyle Earth Elementalist began the quest for
                  | the Orb.
     0 | D:1      | Reached XP level 1. HP: 10/10 MP: 3/3
   255 | D:1      | Reached skill level 4 in Earth Magic
   255 | D:1      | Reached XP level 2. HP: 8/15 MP: 0/5
   635 | D:1      | Found a faded altar of an unknown god.
  1057 | D:2      | Noticed Terence
  1068 | D:2      | Slain by Terence

Illustrated notes

Levels and vault maps discovered:
D:1:      sevenhm_arrival_forest_fort_large_2, layout_rooms,
          shapermc_ecumenical_altar_hornbeckon, nicolae_titane
D:2:      layout_loops_cross, minivault_23, nicolae_figureground_sparkle,
          uniq_sigmund, uniq_robin, uniq_terence

Skill      XL: |  1 |
---------------+----+-----
Earth Magic    | 4 |  4.1
Fighting       | |  0.2
Dodging        | |  1.8
Stealth        | |  2.4
Spellcasting   | |  2.3
Transmutations | |  0.7

Action                     || total
---------------------------++-------
  Melee: Unarmed           ||    17
   Cast: Sandblast         ||    31
 Armour: Robe              ||     8
  Dodge: Dodged            ||    27
